 Dungeon Crawl Stone Soup version 0.29-a0-234-g0dae59b3db (webtiles) character file.

Game seed: 8924155283102424121

11 Hubjo the Sneak (level 2, 0/20 HPs)
             Began as a Vampire Enchanter on Mar 3, 2022.
             Succumbed to a goblin's poison
             ... on level 1 of the Dungeon.
             The game lasted 00:00:39 (186 turns).

Hubjo the Sneak (Vampire Enchanter)                  Turns: 186, Time: 00:00:39

Health: 0/20       AC:  2    Str:  7    XL:     2   Next: 13%
Magic:  5/5        EV: 12    Int: 17    God:
Gold:   13         SH:  0    Dex: 14    Spells: 5/5 levels left

rFire   . . .      SeeInvis +   g - +2 whip (vamp)
rCold   . . .      Faith    .   (no shield)
rNeg    . . .      Spirit   .   b - +0 robe
rPois   .          Reflect  .   (no helmet)
rElec   .          Harm     .   (no cloak)
rCorr   .          Rampage  .   (no gloves)
Will    .....                   (no boots)
Stlth   +++.......              (no amulet)
HPRegen 0.26/turn               (no ring)
MPRegen 0.09/turn               (no ring)

@: lethally poisoned (0 -> -21), healing quickly
A: alive, fangs 3, see invisible, vampiric 1
a: Exsanguinate


You were on level 1 of the Dungeon.
You visited 1 branch of the dungeon, and saw 1 of its levels.

You collected 13 gold pieces.

Inventory:

Hand Weapons
 a - a +1 dagger
 g - a +2 vampiric whip (weapon)
Armour
 b - a +0 robe (worn)
Potions
 c - 3 potions of invisibility
 d - a potion of cancellation {unknown}
 e - a potion of lignification {unknown}


   Skills:
 * Level 0.8 Fighting
 + Level 1.2 Short Blades
 + Level 0.0 Maces & Flails
 + Level 2.3 Dodging
 * Level 4.7 Stealth
 - Level 2.0 Spellcasting
 + Level 4.5 Hexes


You had 5 spell levels left.
You didn't know any spells.
Your spell library contained the following spells:

 Spells                   Type           Power      Damage    Failure   Level
 Confusing Touch          Hex            17%        N/A       9%          3
 Tukima's Dance           Hex            17%        N/A       9%          3
 Ensorcelled Hibernation  Hex/Ice        18%        N/A       12%         2
 Dazzling Flash           Conj/Hex       18%        N/A       22%         3


Dungeon Overview and Level Annotations

Branches:
Dungeon (1/15)

Altars:


Innate Abilities, Weirdness & Mutations

Your natural rate of healing is accelerated.
You have razor-sharp teeth.
You have supernaturally acute eyesight. (SInv)
You are afflicted with vampirism.


Message History

The jackal misses you.
The goblin shouts!
You hit the jackal.
The jackal is heavily wounded.
The jackal closely misses you.
You barely miss the jackal.
The jackal is heavily wounded.
The jackal closely misses you.
The jackal stops to sniff the ground.
The jackal bites you.
You hit the jackal.
You feel better.
You kill the jackal!
The goblin hits you but does no damage.
You are poisoned.
Things that are here:
a jackal corpse; a jackal corpse; a jackal corpse You closely miss the goblin.
You feel sick.
The goblin hits you with a +0 dagger of venom.
You barely miss the goblin. You punch the goblin.
The goblin is moderately wounded.
You feel sick. The goblin completely misses you.
You barely miss the goblin. You bite the goblin.
The goblin is heavily wounded.
You feel sick. The goblin closely misses you. x2
You barely miss the goblin.
The goblin is moderately wounded.
You feel sick.
The goblin hits you with a +0 dagger of venom.
You are more poisoned.
You closely miss the goblin.
You feel sick. The goblin hits you but does no damage.
You are lethally poisoned!
You barely miss the goblin.
* * * LOW HITPOINT WARNING * * *
You feel very sick.
The goblin hits you with a +0 dagger of venom.
* * * LOW HITPOINT WARNING * * *
You are more poisoned.
You barely miss the goblin.
You die...

#.##.# .# ######
#.##.##.####
.....###.......#..
.....#..$.#....#.#
.....#......#..#.#
.......†.....>...#
.....#..)........#
.....#....†.....####
.....#.†.......g@..#
.......#####'#####.#
.....### #.........#
###.## #.........#
..#. #.........#
.... ..........#
..#. .#.........#
..#.# #.#........##
###.# # #.........


You could see a goblin.

Vanquished Creatures
  A hobgoblin (D:1)
  4 jackals (D:1)
  2 kobolds (D:1)
  2 ball pythons (D:1)
  A rat (D:1)
10 creatures vanquished.

Notes
Turn   | Place    | Note
-------+----------+-------------------------------------------
     0 | D:1      | Hubjo the Vampire Enchanter began the quest for the Orb.
     0 | D:1      | Reached XP level 1. HP: 13/13 MP: 3/3
   174 | D:1      | Reached XP level 2. HP: 20/20 MP: 5/5
   186 | D:1      | Succumbed to a goblin's poison

Illustrated notes

Levels and vault maps discovered:
D:1:      wander_arrival_peaceful_grave, layout_basic

Action                   || total
-------------------------++-------
Melee: Dagger            ||    21
       Whip              ||    20
       Punch             ||     2
       Bite              ||     2
  Use: Scroll            ||     1
 Stab: Sleeping          ||     1
Armor: Robe              ||     9
Dodge: Dodged            ||    24

Table legend: (Time is in decaauts)
 A = Elapsed time spent in this place.
 B = Non-inter-level travel time spent in this place.
 C = Inter-level travel time spent in this place.
 D = Time resting spent in this place.
 E = Time spent auto-exploring this place.
 F = Levels seen in this place.
 G = Mean time per level.
                   A        B        C        D        E       F      G
               +--------+--------+--------+--------+--------+-----+--------+
         Total |    186 |    186 |      0 |      0 |    100 |   1 |  186.0 |
       Dungeon |    186 |    186 |      0 |      0 |    100 |   1 |  186.0 |
               +--------+--------+--------+--------+--------+-----+--------+

Top non-repeatable levels by time:
     D:1: 186 daAuts
